 Dungeon Crawl Stone Soup version 0.29.1-1-gd02db6906a (webtiles) character file.

Game seed: 1823230103488286238

1 jimonade the Shooter (level 1, 0/12 HPs)
             Began as a Deep Elf Hunter on Sept 17, 2022.
             Slain by a kobold
             ... wielding a +0 club
              (2 damage)
             ... on level 1 of the Dungeon.
             The game lasted 00:00:10 (44 turns).

jimonade the Shooter (Deep Elf Hunter)                Turns: 44, Time: 00:00:11

Health: 0/12       AC:  3    Str:  8    XL:     1   Next: 16%
Magic:  3/3        EV: 12    Int: 13    God:
Gold:   4          SH:  0    Dex: 18    Spells: 0/0 levels left

rFire   . . .      SeeInvis .   a - +0 shortbow
rCold   . . .      Faith    .   (shield currently unavailable)
rNeg    . . .      Spirit   .   c - +0 leather armour
rPois   .          Reflect  .   (no helmet)
rElec   .          Harm     .   (no cloak)
rCorr   .          Rampage  .   (no gloves)
Will    .....                   (no boots)
Stlth   ++........              (no amulet)
HPRegen 0.04/turn               (no ring)
MPRegen 0.08/turn               (no ring)

@: no status effects
A: no striking features
a: no special abilities


You were on level 1 of the Dungeon.
You visited 1 branch of the dungeon, and saw 1 of its levels.

You collected 4 gold pieces.

Inventory:

Hand Weapons
 a - a +0 shortbow (weapon)
Armour
 c - a +0 leather armour (worn)
Scrolls
 b - a scroll of immolation


   Skills:
 - Level 1.5 Fighting
 + Level 5.4 Ranged Weapons
 - Level 2.4 Dodging
 - Level 1.2 Stealth


You couldn't memorise any spells.
You didn't know any spells.
Your spell library was empty.

Dungeon Overview and Level Annotations

Branches:
Dungeon (1/15)

Altars:


Message History

A kobold comes into view. It is wielding a +0 club.
You shoot an arrow. The arrow closely misses the kobold.
You shoot an arrow. The arrow hits the kobold.
The kobold is severely wounded.
The kobold hits you but does no damage.
You shoot an arrow. The arrow closely misses the kobold.
A hobgoblin comes into view.
The kobold hits you with a +0 club. The kobold hits you but does no damage.
You shoot an arrow. The arrow hits the kobold.
You kill the kobold!
The kobold hits you with a +0 club. The kobold attacks as you move away!
The kobold hits you with a +0 club.
You shoot an arrow. The arrow completely misses the kobold.
The kobold hits you with a +0 club. The kobold barely misses you.
You are too injured to fight recklessly!
You are too injured to fight recklessly!
You are too injured to fight recklessly!
Fire: a) +0 shortbow
Press: ? - help, Q - select action Shift-Dir - straight line, f/p - kobold
Aim: a kobold, wielding a +0 club and quivering stones (56% to hit)
You shoot an arrow. The arrow barely misses the kobold.
The kobold hits you but does no damage.
Fire: a) +0 shortbow
Press: ? - help, Q - select action Shift-Dir - straight line, f/p - kobold
Aim: a kobold, wielding a +0 club and quivering stones (56% to hit)
You shoot an arrow. The arrow hits the kobold.
The kobold is severely wounded.
The kobold closely misses you.
Fire: a) +0 shortbow
Press: ? - help, Q - select action Shift-Dir - straight line, f/p - kobold
Aim: a kobold, wielding a +0 club and quivering stones (severely wounded, 56% to hit)
You shoot an arrow. The arrow closely misses the kobold.
The kobold barely misses you. The kobold hits you with a +0 club.
* * * LOW HITPOINT WARNING * * *
Fire: a) +0 shortbow
Press: ? - help, Q - select action Shift-Dir - straight line, f/p - kobold
Aim: a kobold, wielding a +0 club and quivering stones (severely wounded, 56% to hit)
You shoot an arrow. The arrow closely misses the kobold.
The kobold hits you with a +0 club.
You die...

.... ... !. .# #.
.. #.## #. #.)##
.. #.g# .# #
##K##.#.# ..
#@.#...# (..
##..# # .... ##.#
.### ....#
###.#....#
....###.....##.
......#........[.
...##.......##...
...##.##.#.# ..
## #..#..#...#


You could see a hobgoblin and a kobold.

Vanquished Creatures
  A kobold (D:1)
1 creature vanquished.

Notes
Turn   | Place    | Note
-------+----------+-------------------------------------------
     0 | D:1      | jimonade the Deep Elf Hunter began the quest for the Orb.
     0 | D:1      | Reached XP level 1. HP: 12/12 MP: 3/3
    44 | D:1      | Slain by a kobold

Illustrated notes

Levels and vault maps discovered:
D:1:      roderic_chinese_lattice_arrival, layout_rooms, nicolae_titane

Action                   || total
-------------------------++-------
 Fire: Shortbow          ||    11
Armor: Leather armour    ||     3
Dodge: Dodged            ||     3
